 Dungeon Crawl Stone Soup version 0.31.0-1-g2c135a008e (webtiles) character file.

Game seed: 7409329610574134119

146 qw the Shooter (level 5, -4/40 HPs)
             Began as a Djinni Hunter on Jan 23, 2024.
             Slain by Pikel
             ... wielding a +1 whip of freezing
              (7 damage)
             ... on level 4 of the Dungeon.
             The game lasted 00:00:08 (3077 turns).

qw the Shooter (Djinni Hunter)                      Turns: 3077, Time: 00:00:09

Health: -4/40      AC:  5    Str:  8 (10) XL:     5   Next: 53%
Gold:   126        EV: 10    Int: 10 (11) God:
                   SH:  0    Dex: 17 (18)

rFire   + + .        a - +1 shortbow
rCold   x . .        (shield currently unavailable)
rNeg    . . .        g - +0 ring mail
rPois   inf          (no helmet)
rElec   .            (no cloak)
rCorr   .            (no gloves)
SInv    .            (boots unavailable)
Will    +....        (no amulet)
Stlth   +            d - ring of willpower
HPRegen 0.26/turn    (no ring)
MPRegen 0.00/turn

%: infuse magic (-5 HP)
@: flying
A: sickness immunity, fire resistance 2, cold vulnerability 1, float, innate
caster, HP casting, extra vitality 1
a: no special abilities


You were on level 4 of the Dungeon.
You visited 1 branch of the dungeon, and saw 4 of its levels.

You collected 126 gold pieces.


Innate Abilities, Weirdness & Mutations

You are immune to sickness and miasma.
You are immune to poison.
Your flesh is very heat resistant. (rF++)
You are vulnerable to cold. (rC-)
You float through the air rather than walking.
You learn spells naturally, not from books.
Your magical power is your life essence.
You have superior vitality. (+4 MHP)


   Skills:
 - Level 3.2 Fighting
 + Level 4.7 Ranged Weapons
 - Level 1.0 Armour
 - Level 2.1 Dodging
 - Level 0.7 Stealth


You knew the following spells:

 Your Spells              Type           Power      Damage    Failure   Level
a - Apportation           Tloc           0%         N/A       75%         1
b - Scorch                Fire           0%         2d5       87%         2
Your spell library was empty.

Inventory:

Hand Weapons
 a - a +1 shortbow (weapon)
Armour
 g - a +0 ring mail (worn)
Jewellery
 c - a +5 ring of evasion
 d - a ring of willpower (left hand)
Wands
 e - a wand of iceblast (6)
Potions
 b - a potion of curing {unknown}
 h - a potion of haste
 i - a potion of brilliance {unknown}
 k - a potion of ambrosia {unknown}

Dungeon Overview and Level Annotations

Branches:
Dungeon (4/15)
 Temple: D:4-7

Altars:

Annotations:
D:3 1 runed translucent door, Crazy Yiuf
D:4 Pikel


Message History

A lemure comes into view.
Enter note:
Enter note:
Enter note:
Enter note:
3069 ||| RETREEEEATING.
Enter note:
Enter note: You shoot an arrow.
The arrow barely misses Pikel.
The arrow hits the lemure.
The lemure is moderately wounded.
Pikel cracks his whip.
Pikel misses you.
You shoot an arrow. The arrow barely misses Pikel.
The arrow hits the lemure!
The lemure is heavily wounded.
Pikel hits you with a +1 whip of freezing!
Pikel freezes you.
You shoot an arrow. The arrow barely misses Pikel.
The arrow hits the lemure.
The lemure is heavily wounded.
Pikel barely misses you.
You shoot an arrow. The arrow closely misses Pikel.
Pikel hits you with a +1 whip of freezing!
Pikel freezes you.
Pikel hits you with a +1 whip of freezing.
Pikel freezes you. The lemure hits you but does no damage.
3074 ||| DRINKING potion of heal wounds.
You feel much better. Pikel barely misses you. The lemure hits you.
You shoot an arrow. The arrow barely misses the lemure.
Pikel hits you with a +1 whip of freezing.
Pikel freezes you. The lemure hits you!
You shoot an arrow. The arrow barely misses the lemure.
Pikel hits you with a +1 whip of freezing.
Pikel freezes you. The lemure barely misses you.
You shoot an arrow.
The arrow hits the lemure but does no damage.
The lemure is heavily wounded.
Pikel cracks his whip.
Pikel hits you with a +1 whip of freezing!
You die...
Pikel says, "Another soul for the market."

#.#.#.........# ..##
#.#.#.........# .....
#.#.#.......#.##.....
#.#.#.####...).......
..#.#..#...#.........
..#......####.##....
....#..........##### #
##..#...#####..K.#####...
##......#####.#5@#.....[.
##..#.#.#..........#
###.......#....#...# #
#.#.#..#...>........
#.....................
##....#................
##^..#...............)
###.##.<.............
#.......##...#.....


You could see Pikel and a lemure.

Vanquished Creatures
  2 lemures (D:4)
  A hound (D:4)
  Natasha (twice) (D:3)
  2 dart slugs (D:1)
  4 ribbon worms
  An orc (D:4)
  8 bats
  9 endoplasms
  2 giant cockroaches
  5 goblins
  5 hobgoblins
  A jackal (D:1)
  6 kobolds
  4 rats
52 creatures vanquished.

Notes
Turn   | Place    | Note
-------+----------+-------------------------------------------
     0 | D:1      | qw the Djinni Hunter began the quest for the Orb.
     0 | D:1      | Reached XP level 1. HP: 18/18 MP: 0/0
     0 | D:1      | 0 ||| qw: Version: 0.3-a-135-gb77e89d
     0 | D:1      | 0 ||| qw: Game counter: 968
     0 | D:1      | 0 ||| qw: Melee chars always use a shield: true
     0 | D:1      | 0 ||| qw: God list: Okawaru
     0 | D:1      | 0 ||| qw: Allow faded altars: false
     0 | D:1      | 0 ||| qw: Do Orc after clearing Dungeon:15 true
     0 | D:1      | 0 ||| qw: Do second Lair branch before Depths: true
     0 | D:1      | 0 ||| qw: Lair rune preference: random
     0 | D:1      | 0 ||| qw: Goals: Normal
     0 | D:1      | 0 ||| PLANNING D:1-11
    91 | D:1      | Reached XP level 2. HP: 22/23 MP: 0/0
   321 | D:1      | Reached XP level 3. HP: 23/28 MP: 0/0
   321 | D:1      | Learned a level 1 spell: Apportation
   367 | D:1      | Reached skill level 4 in Ranged Weapons
   790 | D:1      | 790 ||| UPGRADING to +0 ring mail.
   800 | D:1      | 800 ||| DROPPING +0 leather armour.
   801 | D:1      | 801 ||| READING 3 scrolls labelled KICUXI PAZIRGH.
   802 | D:1      | 802 ||| READING 2 scrolls labelled IZUSEIXOUH.
   802 | D:1      | 802 ||| IDENTIFYING fuming cyan potion
   803 | D:1      | 803 ||| READING scroll of identify.
   803 | D:1      | 803 ||| IDENTIFYING 2 bubbling purple potions
   804 | D:1      | 804 ||| READING scroll labelled XILATT ZYGUAL.
   805 | D:1      | 805 ||| DROPPING scroll of butterflies.
   806 | D:1      | 806 ||| DROPPING 2 scrolls of revelation.
  1150 | D:2      | HP: 4/28 [ribbon worm (5)]
  1151 | D:2      | 1151 ||| DRINKING 2 potions of heal wounds.
  1224 | D:2      | Reached skill level 1 in Armour
  1367 | D:2      | 1367 ||| UPGRADING to ring of willpower.
  1368 | D:2      | 1368 ||| READING scroll labelled FIGUHUU OROY.
  1512 | D:3      | Found a runed translucent door.
  1513 | D:3      | Noticed Crazy Yiuf
  1622 | D:3      | Reached XP level 4. HP: 33/34 MP: 0/0
  2096 | D:3      | Noticed Natasha
  2104 | D:3      | Killed Natasha
  2105 | D:3      | Reached skill level 3 in Fighting
  2511 | D:3      | 2511 ||| READING scroll labelled DYHUSAX KYNIBO.
  2511 | D:3      | 2511 ||| ENCHANTING +0 shortbow.
  2512 | D:3      | 2512 ||| DRINKING 2 metallic brown potions.
  2513 | D:3      | 2513 ||| DROPPING potion of degeneration.
  2553 | D:3      | Noticed Natasha
  2563 | D:3      | Killed Natasha
  2564 | D:3      | Reached XP level 5. HP: 27/40 MP: 0/0
  2564 | D:3      | Learned a level 2 spell: Scorch
  2782 | D:4      | Noticed a lemure
  2785 | D:4      | Noticed a lemure
  2786 | D:4      | 2786 ||| RETREEEEATING.
  2787 | D:4      | 2787 ||| RETREEEEATING.
  2790 | D:4      | 2790 ||| RETREEEEATING.
  2791 | D:4      | 2791 ||| RETREEEEATING.
  2792 | D:4      | 2792 ||| RETREEEEATING.
  2803 | D:4      | Killed a lemure
  2811 | D:4      | Killed a lemure
  2846 | D:4      | Noticed a lemure
  2847 | D:4      | 2847 ||| FLEEEEING.
  3066 | D:4      | Noticed Pikel
  3068 | D:4      | Noticed a lemure
  3069 | D:4      | 3069 ||| RETREEEEATING.
  3073 | D:4      | HP: 10/40 [Pikel/+1 whip of freezing (3)]
  3074 | D:4      | 3074 ||| DRINKING potion of heal wounds.
  3076 | D:4      | HP: 2/40 [Pikel/+1 whip of freezing (3)]
  3077 | D:4      | Slain by Pikel

Levels and vault maps discovered:
D:1:      mrwooster_arrival_statue_2, layout_basic, minmay_tromino_v2
D:2:      layout_basic
D:3:      layout_basic, serial_park_tiny_2, chequers_avenue, uniq_natasha,
          uniq_crazy_yiuf_cottage
D:4:      layout_rooms, serial_co_window_serial, co_window_paths_a,
          co_window_paths_a, co_window_of_opportunity_a, co_window_paths_a,
          co_window_paths_a, co_window_broadway_a, co_window_broadway_a,
          co_window_of_opportunity_b, co_window_paths_c, co_window_broadway_c,
          glass_columns_b, glass_columns_a, uniq_pikel

Skill      XL: |  1  2  3  4 |
---------------+-------------+-----
Ranged Weapons | 4 |  4.7
Armour         | 1 |  1.0
Fighting       | 3 |  3.2
Dodging        | |  2.1
Stealth        | |  0.7

Action                     |  1- 3 |  4- 6 || total
---------------------------+-------+-------++-------
   Fire: Shortbow          |    93 |    94 ||   187
    Use: Scroll            |     5 |     1 ||     6
         Potion            |     1 |     2 ||     3
 Armour: Leather armour    |     6 |       ||     6
         Ring mail         |    22 |    55 ||    77
  Dodge: Dodged            |    21 |    35 ||    56

Table legend:
 A = Non-vault XP
 B = Vault XP
 C = Vault XP percentage of total XP
 D = Non-vault monster count
 E = Vault monster count
 F = Vault count percentage of total count
                 A         B        C        D         E       F
            +---------+---------+-------+---------+---------+-------
      Total |     168 |      41 |  19.6 |      47 |       3 |   6.0
            +---------+---------+-------+---------+---------+-------
        D:1 |      31 |       6 |  16.2 |      17 |       2 |  10.5
        D:2 |      21 |       0 |   0.0 |      10 |       0 |   0.0
        D:3 |      63 |      35 |  35.7 |      14 |       1 |   6.7
        D:4 |      53 |       0 |   0.0 |       6 |       0 |   0.0
            +---------+---------+-------+---------+---------+-------
